AoeStats
← Navi AoE

Lombardia

510033825Analyzed
4v4 RM · 3d ago on Sep 29, 2026· 45m 39s· 8 players
Game mode
Random Map
Map size
Large (8 player)
Population
200
Speed
Normal
Resources
Standard
Victory
Conquest
Starting age
Dark Age
Ending age
Imperial Age
RankedLock teamsTeams togetherTeam positionsShared explorationLock speedFull tech treeHidden civsTurbo modeCheats
Victory
Defeat
🇺🇸 Magyars · United States
1154
+12
🇺🇸 Ethiopians · United States
1111
+14
🇲🇽 Persians · Mexico
1074
+16
🇺🇸 Byzantines · United States
1044
+18
🇵🇪 Persians · Peru
1098
-16
🇨🇳 Koreans · China
1091
-16
🇨🇴 Saxons · Colombia
1064
-15
🇨🇴 Poles · Colombia
1019
-13
RiesgoKai
10:24 Feudal Age
13:53 Double-Bit Axe
14:36 Horse Collar
15:28 Gold Mining
15:30 Stone Mining
21:09 Castle Age
20:00 Forging
20:07 Scale Barding Armor
21:49 Heavy Plow
22:09 Bow Saw
22:57 Iron Casting
22:43 Chain Barding Armor
25:23 Wheelbarrow
26:28 Hand Cart
27:41 Town Watch
28:49 Gold Shaft Mining
28:52 Stone Shaft Mining
28:40 Husbandry
28:54 Town Patrol
32:40 Imperial Age
34:07 Blast Furnace
33:42 Plate Barding Armor
32:30 Cavalier
34:28 Crop Rotation
35:03 Savar
37:43 Two-Man Saw
37:13 Loom
43:36 Caravan
44:06 Coinage
43:46 Guilds
43:50 Bloodlines
43:00 Light Cavalry
43:01 Heavy Camel Rider
CulturedMisfit
10:05 Feudal Age
10:44 Double-Bit Axe
10:42 Horse Collar
12:26 Bloodlines
17:13 Loom
24:02 Castle Age
26:12 Wheelbarrow
25:56 Bow Saw
27:39 Fletching
28:33 Gold Mining
29:02 Bodkin Arrow
29:52 Thumb Ring
30:53 Hand Cart
31:27 Padded Archer Armor
31:53 Ballistics
33:48 Stone Mining
34:35 Gold Shaft Mining
34:22 Town Watch
35:29 Heavy Plow
37:28 Leather Archer Armor
40:04 Imperial Age
41:24 Parthian Tactics
40:20 Heavy Cavalry Archer
41:35 Bracer
42:10 Ring Archer Armor
43:32 Chemistry
42:38 Siege Engineers
43:50 Recurve Bow
44:11 Conscription
45:40 Two-Man Saw
Asplenius
4:21 Loom
12:22 Feudal Age
14:52 Scale Mail Armor
15:54 Horse Collar
16:06 Double-Bit Axe
16:14 Gold Mining
21:56 Castle Age
21:01 Forging
21:22 Fletching
22:05 Padded Archer Armor
22:18 Pikeman
23:25 Chain Mail Armor
24:38 Bow Saw
24:33 Heavy Plow
24:44 Elite Skirmisher
27:32 Squires
28:05 Stone Mining
28:53 Wheelbarrow
28:53 Bodkin Arrow
34:13 Hand Cart
34:52 Arson
40:56 Imperial Age
41:06 Elite Varangian Guard
42:28 Iron Casting
42:23 Plate Mail Armor
44:23 Conscription
Kirklegaard
8:42 Loom
10:46 Feudal Age
15:39 Castle Age
17:34 Double-Bit Axe
19:04 Wheelbarrow
19:38 Horse Collar
23:21 Town Watch
23:07 Crossbowman
23:44 Gold Mining
24:02 Fletching
24:47 Thumb Ring
25:13 Stone Mining
25:48 Padded Archer Armor
26:30 Hand Cart
28:27 Bodkin Arrow
28:57 Ballistics
30:36 Leather Archer Armor
32:01 Gold Shaft Mining
34:25 Bow Saw
34:21 Heavy Plow
37:40 Imperial Age
37:58 Arbalester
38:40 Bracer
39:43 Chemistry
39:52 Ring Archer Armor
42:04 Conscription
Ragnarök
7:02 Loom
9:23 Feudal Age
13:17 Bloodlines
15:37 Wheelbarrow
20:05 Castle Age
18:49 Fletching
20:03 Double-Bit Axe
20:46 Bodkin Arrow
22:01 Husbandry
23:14 Padded Archer Armor
24:48 Bow Saw
24:04 Light Cavalry
26:09 Gold Mining
26:06 Horse Collar
27:35 Ballistics
27:42 Scale Barding Armor
28:34 Leather Archer Armor
28:43 Thumb Ring
30:45 Chain Barding Armor
31:44 Forging
34:37 Iron Casting
34:24 Hand Cart
33:55 Town Watch
43:20 Imperial Age
43:34 Heavy Mounted Crossbowman
45:43 Chemistry
45:53 Bracer
Floki
4:44 Loom
11:51 Feudal Age
15:22 Double-Bit Axe
23:02 Castle Age
25:29 Gold Mining
27:01 Szlachta Privileges
27:59 Bloodlines
28:35 Scale Barding Armor
30:18 Wheelbarrow
32:53 Chain Barding Armor
32:36 Scale Mail Armor
38:11 Imperial Age
35:41 Stone Mining
38:48 Ballistics
39:09 Elite Skirmisher
40:16 Cavalier
40:57 Husbandry
Navi AoE
7:38 Loom
9:55 Feudal Age
11:39 Scale Barding Armor
12:58 Forging
22:32 Castle Age
21:40 Wheelbarrow
22:14 Bloodlines
22:33 Horse Collar
22:46 Gold Mining
24:56 Iron Casting
24:45 Chain Barding Armor
25:22 Husbandry
28:33 Iron Casting
30:18 Double-Bit Axe
30:34 Heavy Plow
31:49 Double-Bit Axe
35:55 Murder Holes
38:43 Imperial Age
36:56 Gold Shaft Mining
37:05 Bow Saw
38:37 Cavalier
39:12 Heavy Camel Rider
41:06 Plate Barding Armor
41:32 Blast Furnace
41:51 Hand Cart
41:22 Town Watch
tugou
Connection lost

Rejoining the realm…

Still unreachable

The connection could not be restored.

Session expired

The server has moved on; the page needs a fresh start.